 Dungeon Crawl Stone Soup version 0.20-a0-971-g5896763 (webtiles) character file.

326 Gorglomux the Gusty (level 6, -3/45 HPs)
             Began as a Draconian Air Elementalist on Apr 8, 2017.
             Slain by Menkaure (14 damage)
             ... on level 4 of the Dungeon.
             The game lasted 00:09:22 (3474 turns).

Gorglomux the Gusty (Draconian Air Elementalist)    Turns: 3474, Time: 00:09:23

Health: -3/45      AC:  7    Str: 10    XL:     6   Next: 24%
Magic:  0/9        EV: 12    Int: 18    God:
Gold:   130        SH:  0    Dex: 11    Spells: 4/9 levels left

rFire    . . .     SeeInvis +   k - +0 short sword
rCold    . . .     Gourm    .   (no shield)
rNeg     . . .     Faith    .   (armour unavailable)
rPois    .         Spirit   .   (helmet restricted)
rElec    .         Reflect  .   (no cloak)
rCorr    .         Harm     .   (no gloves)
MR       .....                  o - +0 pair of boots
Stlth    ++........             (no amulet)
Regen    0.2/turn               l - ring of flight
MPRegen  0.2/turn               s - ring of see invisible

@: very slightly contaminated
A: unfitting armour, cold-blooded, AC +6
a: Evoke Flight


You were on level 4 of the Dungeon.
You were very hungry.

You visited 1 branch of the dungeon, and saw 4 of its levels.

You collected 130 gold pieces.

Inventory:

Hand Weapons
 k - a +0 short sword (weapon)
Missiles
 Z - a throwing net (quivered)
Armour
 o - a +0 pair of boots (worn)
 P - a +1 buckler of reflection
Jewellery
 l - a ring of flight (left hand)
 s - a ring of see invisible (right hand)
Wands
 O - a wand of clouds (6/9)
Scrolls
 c - 6 scrolls of identify {unknown}
 h - 2 scrolls of remove curse {unknown}
 i - 2 scrolls of noise
 j - 2 scrolls of enchant weapon {unknown}
 Q - a scroll of random uselessness {unknown}
 S - a scroll of fear {unknown}
 T - a scroll of teleportation {unknown}
 V - 2 scrolls of amnesia {unknown}
Potions
 d - 2 potions of curing {unknown}
 m - 2 potions of degeneration {unknown}
 R - a potion of brilliance {unknown}
 U - 2 potions of lignification {unknown}
 W - a potion of flight {unknown}
 X - a potion of resistance {unknown}
Books
 a - a book of Air

   Spells                             Type                      Level
   a - Shock                          Conjuration/Air              1
   b - Swiftness                      Charms/Air                   2
   c - Static Discharge               Conjuration/Air              3
   d - Airstrike                      Air                          4
   e - Lightning Bolt                 Conjuration/Air              5
Comestibles
 b - 2 bread rations
 g - a royal jelly
 n - a meat ration
 Y - 9 fruits


   Skills:
 - Level 1.7 Dodging
 - Level 1.7 Stealth
 - Level 2.0 Spellcasting
 + Level 4.2 Conjurations
 + Level 5.6 Air Magic


You had 4 spell levels left.
You knew the following spells:

 Your Spells              Type           Power        Failure   Level  Hunger
a - Shock                 Conj/Air       ###.         2%          1    #......
b - Airstrike             Air            ###.......   21%         4    #####..


Dungeon Overview and Level Annotations

Branches:
Dungeon (4/15)
 Temple: D:4-7

Altars:
Cheibriados

Annotations:
D:4 Menkaure


Innate Abilities, Weirdness & Mutations

Your plain brown scales are hard. (AC +6)
You cannot fit into any form of body armour.
You are cold-blooded and may be slowed by cold attacks.


Message History

Aiming: Shock
Press: ? - help, Shift-Dir - straight line, f/p - Menkaure
Aim: Menkaure (severely damaged, fast)
The zap hits Menkaure.
Menkaure is almost destroyed.
Menkaure hits you!
Menkaure hums, "Let me perform the rites..."
Menkaure hits you.
* * * LOW HITPOINT WARNING * * *
Unknown command.
Casting: Shock
Confirm with . or Enter, or press ? or * to list all spells.
Aiming: Shock
Press: ? - help, Shift-Dir - straight line, f/p - Menkaure
Aim: Menkaure (almost destroyed, fast)
The zap hits Menkaure.
Menkaure is almost destroyed.
The howler monkey howls!
Menkaure hits you!
You die...

#............!....
#..........#
#........h+
##.........#
#.......####
#.......#
#.......#
#...M...#
#..@....#
+.......#
#.......#
+.......#
#.......#
#.#.##### #....
###.#


You could see Menkaure and a howler monkey.

Vanquished Creatures
  A phantom (D:4)
  2 orc priests (D:3)
  Jessica (D:3)
  2 orc wizards (D:3)
  3 adders
  3 worms
  4 dart slugs
  3 leopard geckos
  8 orcs (D:3)
  2 giant cockroaches (D:3)
  3 goblins
  2 hobgoblins
  3 jackals
  5 kobolds
  3 ball pythons
  6 bats
  A frilled lizard (D:1)
  6 rats
58 creatures vanquished.

Notes
Turn   | Place    | Note
-------+----------+-------------------------------------------
     0 | D:1      | Gorglomux the Draconian Air Elementalist began the quest for the Orb.
     0 | D:1      | Reached XP level 1. HP: 14/14 MP: 3/3
    82 | D:1      | Reached XP level 2. HP: 8/20 MP: 1/5
   904 | D:2      | Reached XP level 3. HP: 26/26 MP: 2/6
  1123 | D:2      | Reached skill level 4 in Air Magic
  1427 | D:2      | Found a snail-covered altar of Cheibriados.
  1740 | D:3      | Reached XP level 4. HP: 32/33 MP: 3/7
  1838 | D:3      | Learned a level 4 spell: Airstrike
  1854 | D:3      | Reached skill level 3 in Conjurations
  1855 | D:3      | Reached XP level 5. HP: 27/38 MP: 2/8
  1960 | D:3      | Reached skill level 5 in Air Magic
  3030 | D:3      | Noticed Jessica
  3038 | D:3      | Killed Jessica
  3082 | D:4      | Noticed a phantom
  3285 | D:4      | Killed a phantom
  3285 | D:4      | Reached XP level 6. HP: 19/45 MP: 2/9
  3355 | D:4      | Noticed Menkaure
  3474 | D:4      | Slain by Menkaure

Vault maps used:
D:1:      minmay_arrival_up_and_down, minmay_pentomino_r4
D:2:      kennysheep_slug_shrine
D:3:      first_bread, kennysheep_generic_room_2, uniq_jessica
D:4:      minmay_temple_entry_overgrown, uniq_menkaure

Skill      XL: |  1  2  3  4  5 |
---------------+----------------+-----
Conjurations   | 2 3 4 |  4.2
Air Magic      | 4 5 |  5.6
Dodging        | |  1.7
Stealth        | |  1.7
Spellcasting   | |  2.0

Action                   |  1- 3 |  4- 6 || total
-------------------------+-------+-------++-------
Melee: Unarmed           |    15 |       ||    15
       Tailslap          |     3 |     2 ||     5
       Short sword       |    24 |    41 ||    65
 Cast: Shock             |    59 |    64 ||   123
       Airstrike         |       |     4 ||     4
  Use: Scroll            |       |     1 ||     1
  Eat: Chunk             |     3 |     7 ||    10
Armor: Skin              |    22 |    22 ||    44
Dodge: Dodged            |    38 |    37 ||    75
